 Dungeon Crawl Stone Soup version 0.30-a0-250-g41c1d76940 (console) character file.

Game seed: 7103302449457092917

5439 jejorda2 the Fighter (level 10, -8/127 HPs)
             Began as a Gnoll Berserker on Oct 12, 2022.
             Was an Elder of Trog.
             Killed from afar by a white imp (11 damage)
             ... with a puff of frost
             ... on level 9 of the Dungeon.
             The game lasted 00:19:01 (7974 turns).

jejorda2 the Fighter (Gnoll Berserker)              Turns: 7974, Time: 00:19:03

Health: -8/127     AC: 16    Str: 21    XL:     10   Next: 68%
Magic:  18/18      EV:  8    Int:  6    God:    Trog [****..]
Gold:   428        SH: 12    Dex: 12    Spells: 20/20 levels left

rFire   . . .      SeeInvis .    a - +1 whip (vamp)
rCold   . . .      Faith    .    d - +2 buckler
rNeg    . . .      Spirit   .    C - +0 plate armour
rPois   .          Reflect  +    r - +0 helmet
rElec   .          Harm     .    (no cloak)
rCorr   .          Rampage  .    y - +0 pair of gloves
Will    .....                    (no boots)
Stlth   ..........               x - amulet of reflection
HPRegen 0.41/turn                n - +4 ring of slaying
MPRegen 0.16/turn                t - +4 ring of slaying

@: berserking (expiring), slowed, studying Fighting
A: fangs 1, strong nose, distributed training
a: Renounce Religion, Berserk, Trog's Hand, Brothers in Arms


You were on level 9 of the Dungeon.
You worshipped Trog.
Trog was greatly pleased with you.
You visited 1 branch of the dungeon, and saw 9 of its levels.

You collected 428 gold pieces.

Inventory:

Hand Weapons
 a - a +1 vampiric whip (weapon)
 s - a +0 flail
Missiles
 c - 74 stones
 i - 10 boomerangs (quivered)
 B - 15 poisoned darts
Armour
 d - a +2 buckler (worn)
 r - a +0 helmet (worn)
 y - a +0 pair of gloves (worn)
 C - a +0 plate armour (worn)
Jewellery
 n - a +4 ring of slaying (left hand)
 t - a +4 ring of slaying (right hand)
 x - an amulet of reflection (around neck)
Wands
 q - a wand of paralysis (10)
 w - a wand of roots (9)
 E - a wand of flame (16)
Scrolls
 b - 4 scrolls of fear
 f - 3 scrolls of teleportation
 h - a scroll of brand weapon
 k - 6 scrolls of amnesia
 l - 2 scrolls of vulnerability
 o - a scroll of blinking
 D - 2 scrolls of fog {unknown}
Potions
 e - 2 potions of lignification
 g - a potion of flight {unknown}
 j - 3 potions of attraction
 u - a potion of haste
 v - 2 potions of mutation
 z - 2 potions of berserk rage
 A - 6 potions of curing


   Skills:
 + Level 10.1 Fighting
 + Level 5.7 Short Blades
 + Level 5.7 Long Blades
 + Level 5.7 Axes
 + Level 8.8 Maces & Flails
 + Level 5.7 Polearms
 + Level 5.7 Staves
 + Level 5.7 Ranged Weapons
 + Level 5.7 Throwing
 + Level 7.4 Armour
 + Level 7.4 Dodging
 + Level 5.7 Stealth
 + Level 5.7 Shields
 + Level 5.7 Unarmed Combat
 + Level 5.7 Spellcasting
 + Level 4.7 Conjurations
 + Level 4.7 Hexes
 + Level 4.7 Summonings
 + Level 4.7 Necromancy
 + Level 4.7 Translocations
 + Level 4.7 Transmutations
 + Level 4.7 Fire Magic
 + Level 4.7 Ice Magic
 + Level 4.7 Air Magic
 + Level 4.7 Earth Magic
 + Level 4.7 Poison Magic
 + Level 6.2 Invocations
 + Level 5.7 Evocations


You had 20 spell levels left.
You didn't know any spells.
Your spell library was empty.

Dungeon Overview and Level Annotations

Branches:
Dungeon (9/15)             Temple (0/1) D:4
   Lair: D:8-11         Orc: D:9-12

Altars:
Fedhas
Qazlal
Ru
The Shining One

Annotations:
D:6 2 transporters
D:9 Psyche


Innate Abilities, Weirdness & Mutations

You have very sharp teeth.
Your uncanny sense of smell can sniff out nearby items.
Your experience applies equally to all skills.


Message History

The freezing wraith is heavily damaged.
The white imp gestures at you.
The puff of frost reflects off an invisible shield around you!
The puff of frost hits the white imp.
The white imp resists.
The freezing wraith hits you!
* * * LOW HITPOINT WARNING * * *
The freezing wraith freezes you!
* * * LOW HITPOINT WARNING * * *
The freezing wraith hits you but does no damage.
You whack the freezing wraith!
The freezing wraith is severely damaged.
You hit the freezing wraith but do no damage.
The freezing wraith is severely damaged.
The white imp hits you but does no damage.
You block the freezing wraith's attack. The freezing wraith hits you.
* * * LOW HITPOINT WARNING * * *
The freezing wraith drains your vigour!
You feel yourself slow down. The white imp gestures at you.
The puff of frost hits you but does no damage.
You whack the freezing wraith!
The freezing wraith is almost destroyed.
You whack the freezing wraith!
You destroy the freezing wraith!
Trog accepts your kill. You block the white imp's attack.
The white imp gestures at you. The puff of frost hits you.
* * * LOW HITPOINT WARNING * * *
The white imp gestures at you. The puff of frost hits you!
* * * LOW HITPOINT WARNING * * *
Your life force feels restored.
Unknown command.
You whack the white imp!
You kill the white imp!
Trog accepts your kill. You block the white imp's attack.
The white imp gestures at you. The puff of frost hits you!
You die...

#........## #......).#~
#........#.#. #
#....)...#.... .#
####...)....#... .#
............#..# ..#
...........##..###..##
...........#.........#
...........#....@5...#
...........#...#~~#..#
...........)...~##~...#
...........'..#~# )...#
...........'..~## ...#
#########..'..~# 5..#
.... #..#..#~~ .## ####
#..#...... .#
#..#.......


You could see 2 white imps.

Vanquished Creatures
  A centaur warrior (D:9)
  A freezing wraith (D:9)
  3 hornets
  2 wyverns (D:9)
  2 steam dragons (D:7)
  3 water moccasins
  6 orc warriors
  2 black bears
  A sky beast (D:7)
  4 centaurs
  A phantom (D:5)
  A kobold brigand (D:6)
  4 bullfrogs
  2 necrophages
  3 scorpions (D:5)
  5 wights (D:9)
  A howler monkey (D:7)
  9 crimson imps (D:7)
  6 hounds
  2 jellies
  5 orc priests
  6 orc wizards
  4 adders
  3 white imps (D:9)
  A worm (D:3)
  5 dart slugs
  29 orcs
  2 ball pythons
  3 bats
  5 endoplasms
  3 giant cockroaches
  6 goblins
  5 hobgoblins
  5 jackals (D:1)
  3 quokkas (D:3)
  3 frilled lizards
  6 kobolds
  5 rats
158 creatures vanquished.

Vanquished Creatures (others)
  An orc (D:8)
1 creature vanquished.

Grand Total: 159 creatures vanquished

Notes
Turn   | Place    | Note
-------+----------+-------------------------------------------
     0 | D:1      | jejorda2 the Gnoll Berserker began the quest for the Orb.
     0 | D:1      | Reached XP level 1. HP: 23/23 MP: 1/1
   349 | D:1      | Reached XP level 2. HP: 29/29 MP: 2/2
   759 | D:1      | Reached XP level 3. HP: 35/35 MP: 3/3
   773 | D:1      | Found a faded altar of an unknown god.
  1332 | D:2      | Reached skill level 1 in Invocations
  1399 | D:3      | Found a glowing golden altar of the Shining One.
  1400 | D:3      | Found a sacrificial altar of Ru.
  1415 | D:3      | Reached ** piety under Trog
  1438 | D:3      | Reached skill level 1 in Short Blades
  1438 | D:3      | Reached skill level 1 in Long Blades
  1438 | D:3      | Reached skill level 1 in Axes
  1438 | D:3      | Reached skill level 1 in Polearms
  1438 | D:3      | Reached skill level 1 in Staves
  1438 | D:3      | Reached skill level 1 in Ranged Weapons
  1438 | D:3      | Reached skill level 1 in Throwing
  1438 | D:3      | Reached skill level 1 in Stealth
  1438 | D:3      | Reached skill level 1 in Shields
  1438 | D:3      | Reached skill level 1 in Unarmed Combat
  1438 | D:3      | Reached skill level 1 in Spellcasting
  1438 | D:3      | Reached skill level 1 in Evocations
  1686 | D:2      | Reached XP level 4. HP: 41/41 MP: 5/5
  2824 | D:4      | Found a staircase to the Ecumenical Temple.
  2904 | D:4      | Reached skill level 1 in Conjurations
  2904 | D:4      | Reached skill level 1 in Hexes
  2904 | D:4      | Reached skill level 1 in Summonings
  2904 | D:4      | Reached skill level 1 in Necromancy
  2904 | D:4      | Reached skill level 1 in Translocations
  2904 | D:4      | Reached skill level 1 in Transmutations
  2904 | D:4      | Reached skill level 1 in Fire Magic
  2904 | D:4      | Reached skill level 1 in Ice Magic
  2904 | D:4      | Reached skill level 1 in Air Magic
  2904 | D:4      | Reached skill level 1 in Earth Magic
  2904 | D:4      | Reached skill level 1 in Poison Magic
  3275 | D:4      | Reached XP level 5. HP: 47/47 MP: 7/7
  3526 | D:5      | Entered Level 5 of the Dungeon
  3589 | D:5      | Reached XP level 6. HP: 53/53 MP: 8/8
  3591 | D:5      | Reached skill level 5 in Armour
  3591 | D:5      | Reached skill level 5 in Dodging
  3904 | D:5      | Reached skill level 7 in Fighting
  3904 | D:5      | Reached XP level 7. HP: 60/60 MP: 10/10
  3906 | D:5      | Reached *** piety under Trog
  4508 | D:6      | Identified a scroll of acquirement
  4508 | D:6      | Acquired a manual of Fighting
  4579 | D:6      | Found a transporter.
  4585 | D:6      | Found a transporter.
  4667 | D:6      | Reached XP level 8. HP: 67/67 MP: 12/12
  5794 | D:7      | Reached skill level 8 in Fighting
  5814 | D:7      | Reached XP level 9. HP: 74/74 MP: 14/14
  5832 | D:7      | Reached **** piety under Trog
  6716 | D:8      | Reached skill level 5 in Invocations
  6858 | D:8      | Noticed a hornet
  6866 | D:8      | Killed a hornet
  6867 | D:8      | Reached skill level 9 in Fighting
  7535 | D:8      | Reached skill level 5 in Short Blades
  7535 | D:8      | Reached skill level 5 in Long Blades
  7535 | D:8      | Reached skill level 5 in Axes
  7535 | D:8      | Reached skill level 5 in Polearms
  7535 | D:8      | Reached skill level 5 in Staves
  7535 | D:8      | Reached skill level 5 in Ranged Weapons
  7535 | D:8      | Reached skill level 5 in Throwing
  7535 | D:8      | Reached skill level 5 in Stealth
  7535 | D:8      | Reached skill level 5 in Shields
  7535 | D:8      | Reached skill level 5 in Unarmed Combat
  7535 | D:8      | Reached skill level 5 in Spellcasting
  7535 | D:8      | Reached skill level 5 in Evocations
  7535 | D:8      | Reached XP level 10. HP: 83/83 MP: 17/17
  7549 | D:9      | Found a stormy altar of Qazlal.
  7625 | D:9      | Found a blossoming altar of Fedhas.
  7678 | D:9      | Noticed a centaur warrior
  7682 | D:9      | Paralysed by a hornet for 3 turns
  7695 | D:9      | Killed a centaur warrior
  7774 | D:9      | Noticed Psyche
  7794 | D:9      | Noticed a gargoyle
  7797 | D:9      | HP: 3/85 [something (18)]
  7802 | D:9      | HP: 3/85 [something (3)]
  7901 | D:9      | Reached skill level 10 in Fighting
  7959 | D:9      | Found the +8 frozen axe "Frostbite" {freezing cloud, *Noise
                  | Fly rC+}
  7973 | D:9      | HP: 3/126 [white imp/puff of frost (7)]
  7974 | D:9      | Killed from afar by a white imp

Illustrated notes

Levels and vault maps discovered:
D:1:      dpeg_arrival_simpleton_a, layout_basic,
          hellmonk_ecumenical_altar_defaced_shrine
D:2:      layout_basic
D:3:      layout_loops_ring, mainiacjoe_overflow_large_starburst,
          grunt_decor_junction
D:4:      layout_basic, minmay_temple_entry_water_ring
D:5:      layout_basic
D:6:      gammafunk_steamed_eel, layout_cave_pods, minmay_misc_feat_diagonals
D:7:      layout_layer_cave, hangedman_decor_opposing, minmay_nine_imps
D:8:      layout_gridville
D:9:      layout_irregular_city, mainiacjoe_overflow_small_starburst,
          lemuel_crystal_altar, hellmonk_guarded_unrand_frostbite, uniq_psyche

Skill      XL: |  1  2  3  4  5  6  7  8  9 10 |
---------------+-------------------------------+-----
Invocations    | 1 2 3 4 5 6 |  6.2
Short Blades   | 1 2 3 5 |  5.7
Long Blades    | 1 2 3 5 |  5.7
Axes           | 1 2 3 5 |  5.7
Polearms       | 1 2 3 5 |  5.7
Staves         | 1 2 3 5 |  5.7
Ranged Weapons | 1 2 3 5 |  5.7
Throwing       | 1 2 3 5 |  5.7
Stealth        | 1 2 3 5 |  5.7
Shields        | 1 2 3 5 |  5.7
Unarmed Combat | 1 2 3 5 |  5.7
Spellcasting   | 1 2 3 5 |  5.7
Evocations     | 1 2 3 5 |  5.7
Conjurations   | 1 2 3 4 |  4.7
Hexes          | 1 2 3 4 |  4.7
Summonings     | 1 2 3 4 |  4.7
Necromancy     | 1 2 3 4 |  4.7
Translocations | 1 2 3 4 |  4.7
Transmutations | 1 2 3 4 |  4.7
Fire Magic     | 1 2 3 4 |  4.7
Ice Magic      | 1 2 3 4 |  4.7
Air Magic      | 1 2 3 4 |  4.7
Earth Magic    | 1 2 3 4 |  4.7
Poison Magic   | 1 2 3 4 |  4.7
Armour         | 5 6 7 |  7.4
Dodging        | 5 6 7 |  7.4
Fighting       | 7 8 9 10 | 10.1
Maces & Flails | 7 8 |  8.8

Action                   |  1- 3 |  4- 6 |  7- 9 | 10-12 || total
-------------------------+-------+-------+-------+-------++-------
Melee: Mace              |    89 |    75 |    21 |       ||   185
       Bite              |     5 |     6 |    24 |    11 ||    46
       Whip              |       |       |   218 |    83 ||   301
Throw: Stone             |       |     5 |     7 |     1 ||    13
       Boomerang         |       |       |       |    12 ||    12
Invok: Berserk           |       |     2 |     3 |     3 ||     8
       Trog's Hand       |       |       |       |     3 ||     3
       Brothers in Arms  |       |       |       |     1 ||     1
  Use: Scroll            |       |       |    18 |     4 ||    22
       Potion            |       |       |       |     3 ||     3
 Stab: Sleeping          |     1 |     1 |       |       ||     2
Armor: Animal skin       |     8 |       |       |       ||     8
       Leather armour    |     8 |       |       |       ||     8
       Chain mail        |       |    13 |    59 |       ||    72
       Plate armour      |       |       |    19 |    70 ||    89
Dodge: Dodged            |    44 |    19 |    44 |    36 ||   143
Block: Buckler           |    16 |    33 |   117 |    61 ||   227
       Reflection        |       |     1 |     8 |     5 ||    14

Table legend: (Time is in decaauts)
 A = Elapsed time spent in this place.
 B = Non-inter-level travel time spent in this place.
 C = Inter-level travel time spent in this place.
 D = Time resting spent in this place.
 E = Time spent auto-exploring this place.
 F = Levels seen in this place.
 G = Mean time per level.
                   A        B        C        D        E       F      G
               +--------+--------+--------+--------+--------+-----+--------+
         Total |   7983 |   7721 |    262 |    502 |   6069 |   9 |  887.0 |
       Dungeon |   7983 |   7721 |    262 |    502 |   6069 |   9 |  887.0 |
               +--------+--------+--------+--------+--------+-----+--------+

Top non-repeatable levels by time:
     D:7: 1276 daAuts
     D:1: 1062 daAuts
     D:6: 1054 daAuts
     D:2: 954 daAuts
     D:8: 860 daAuts
     D:5: 825 daAuts
     D:4: 776 daAuts
     D:3: 744 daAuts
     D:9: 428 daAuts
